[Event "ICC tourney 2824 (30 10)"]
[Site "Internet Chess Club"]
[Date "2022.02.12"]
[Round "2"]
[White "TANG, AUSTIN:Mrpeetapizza"]
[Black "Vilotijevic, Lazar:BalkanDad"]
[Result "0-1"]
[ICCResult "White resigns"]
[WhiteElo "1867"]
[BlackElo "2004"]
[Opening "Owen defense"]
[ECO "B00"]
[NIC "VO.03"]
[Time "14:00:28"]
[PlyCount "74"]
[TimeControl "1800+10"]

1. e4 b6 2. d4 Bb7 3. Bd3 e6 4. Nf3 Nf6 5. Nc3 Bb4 6. Qe2 d5 7. e5 Ne4 8.
Bd2 Nxd2 9. Qxd2 Be7 10. O-O c5 11. Nd1 Nc6 12. c3 g5 13. h3 h5 14. g4 hxg4
15. hxg4 Kd7 16. Ne3 Qg8 17. Kg2 Qg7 18. Rh1 f6 19. exf6 Qxf6 20. Bb5 Bd6
21. Rae1 Raf8 22. Be2 cxd4 23. Nd1 Bf4 24. Qc2 dxc3 25. Nxc3 Kc8 26. Rxh8
Rxh8 27. Rh1 Kb8 28. Rxh8+ Qxh8 29. Qg6 d4 30. Ne4 Ne5 31. Qf6 Qxf6 32. Nxf6
d3 33. Bd1 d2 34. Kf1 Nxf3 35. Ke2 Ne5 36. Kf1 Nd3 37. Nh5 Ba6 {White
resigns} 0-1

[Event "ICC tourney 2824 (30 10)"]
[Site "Internet Chess Club"]
[Date "2022.02.12"]
[Round "2"]
[White "YAN, RUIYANG:jy2020"]
[Black "Gaw, Chloe:HarleyQueen8"]
[Result "1-0"]
[ICCResult "Black resigns"]
[WhiteElo "2172"]
[BlackElo "1766"]
[Opening "Sicilian"]
[ECO "B56"]
[NIC "SI.25"]
[Time "14:00:08"]
[PlyCount "83"]
[TimeControl "1800+10"]

1. e4 c5 2. Nf3 d6 3. d4 cxd4 4. Nxd4 Nf6 5. Nc3 Nc6 6. f3 e5 7. Nb3 Be7 8.
Be3 Be6 9. Nd5 Nb8 10. c4 Bxd5 11. exd5 a5 12. Be2 a4 13. Nd2 b5 14. O-O O-O
15. b3 axb3 16. Qxb3 bxc4 17. Bxc4 Nbd7 18. Bb5 Rb8 19. Qd3 Qa5 20. a4 Nb6
21. Nb3 Qb4 22. Bd2 Qh4 23. g3 Qh3 24. Bc6 Nh5 25. a5 Nxg3 26. Rf2 Nf5 27.
axb6 Rxb6 28. Bd7 g6 29. Na5 Bh4 30. Rg2 Kh8 31. Nc4 Rb7 32. Bxf5 gxf5 33.
Qf1 Rfb8 34. Kh1 Rb3 35. Rg8+ Rxg8 36. Qxh3 Be7 37. Qxf5 Rg7 38. Ra8+ Rg8
39. Rxg8+ Kxg8 40. Bg5 Bf8 41. Bf6 Rc3 42. Qg4+ {Black resigns} 1-0

[Event "ICC tourney 2824 (30 10)"]
[Site "Internet Chess Club"]
[Date "2022.02.12"]
[Round "2"]
[White "TANG, ZOEY:WonderZ"]
[Black "Turcotte, Jonathan:JonnyTurgi"]
[Result "0-1"]
[ICCResult "White resigns"]
[WhiteElo "2085"]
[BlackElo "2000"]
[Opening "QGD semi-Slav"]
[ECO "D43"]
[NIC "SL.03"]
[Time "14:01:44"]
[PlyCount "126"]
[TimeControl "1800+10"]

1. d4 d5 2. c4 c6 3. Nf3 Nf6 4. Nc3 e6 5. Bg5 h6 6. Bh4 dxc4 7. a4 Bb4 8. e3
b5 9. Ne5 Bb7 10. Be2 Nbd7 11. Qc2 O-O 12. O-O a6 13. f4 Qb6 14. Ne4 Nxe5
15. Nxf6+ gxf6 16. fxe5 f5 17. Bf6 c5 18. Bf3 cxd4 19. Bxb7 Qxb7 20. Rf3 Kh7
21. exd4 Rg8 22. Qf2 Rg4 23. h3 Rg6 24. Rg3 Rxg3 25. Qxg3 Rg8 26. Qf2 c3 27.
b3 Qe4 28. Rc1 bxa4 29. bxa4 Ba5 30. Kh1 Bb6 31. Rd1 c2 32. Rc1 Bxd4 33.
Qxc2 Rg3 34. Qxe4 fxe4 35. Kh2 Rc3 36. Rxc3 Bxc3 37. Kg3 Bd4 38. Kf4 e3 39.
Bh4 e2 40. Kf3 Bxe5 41. Kxe2 Kg6 42. Ke3 f5 43. g4 h5 44. gxf5+ Kxf5 45. Be1
Bf6 46. Kf3 e5 47. Bg3 e4+ 48. Ke2 Bd4 49. Bh4 Ke5 50. Bd8 Kd5 51. Bc7 Kc6
52. Bd8 Bb6 53. Be7 Kd5 54. Bb4 a5 55. Be1 Kc4 56. Kd2 Kb3 57. Kc1 Kxa4 58.
Kb2 Bd4+ 59. Ka2 Kb5 60. Kb3 a4+ 61. Ka3 Bc5+ 62. Kb2 Kc4 63. Kc2 a3
{White resigns}
0-1

[Event "ICC tourney 2824 (30 10)"]
[Site "Internet Chess Club"]
[Date "2022.02.12"]
[Round "2"]
[White "QUIRKE, JEFFREY L:PawnEatingZombi"]
[Black "Latorre, Vincent:vinclat"]
[Result "1-0"]
[ICCResult "Black resigns"]
[WhiteElo "2018"]
[BlackElo "1900"]
[Opening "Nimzo-Indian: classical variation"]
[ECO "E32"]
[NIC "NI.24"]
[Time "14:01:24"]
[PlyCount "127"]
[TimeControl "1800+10"]

1. d4 Nf6 2. c4 e6 3. Nc3 Bb4 4. Qc2 b6 5. e4 O-O 6. Bd3 h6 7. Ne2 c5 8. d5
b5 9. O-O exd5 10. exd5 bxc4 11. Bxc4 d6 12. Ng3 Nbd7 13. Bf4 Nb6 14. Nb5 a6
15. Nxd6 Nbxd5 16. Be5 Be6 17. Rfd1 Qe7 18. Bxf6 Nxf6 19. Ndf5 Bxf5 20. Nxf5
Qe5 21. Nd6 Ba5 22. g3 Bc7 23. Nf5 Ba5 24. Bf1 Rab8 25. b3 Ne4 26. Bg2 Qxf5
27. Qxe4 Qf6 28. Rac1 Rfe8 29. Qf3 Qe7 30. h4 Bb4 31. Qf5 Rbd8 32. Bd5 Rf8
33. a4 Kh8 34. Bc4 g6 35. Qf3 Kg7 36. h5 Rd6 37. Rxd6 Qxd6 38. Rd1 Qe7 39.
Kg2 a5 40. Rd3 Qf6 41. Qg4 Qg5 42. Qxg5 hxg5 43. hxg6 Kxg6 44. Rd6+ f6 45.
g4 Bc3 46. Rd7 f5 47. Bd3 Kf6 48. gxf5 Ke5 49. Kf3 Rb8 50. Re7+ Kf6 51. Re6+
Kf7 52. Bc4 Kf8 53. Kg4 Bd2 54. Kh5 Rb7 55. f6 Rd7 56. Kg6 Rd8 57. Re7 Rd4
58. Rh7 Ke8 59. Rh8+ Kd7 60. f7 Rd6+ 61. Kf5 Rf6+ 62. Kxf6 Bc3+ 63. Kg6 Bxh8
64. f8=Q {Black resigns} 1-0

[Event "ICC tourney 2824 (30 10)"]
[Site "Internet Chess Club"]
[Date "2022.02.12"]
[Round "2"]
[White "SHEEHAN, ETHAN THOMAS:Chessking2008"]
[Black "SHAWKAT, SAIF:saif-shawkat"]
[Result "1-0"]
[ICCResult "Black resigns"]
[WhiteElo "2219"]
[BlackElo "2002"]
[Opening "Nimzo-Indian: classical variation"]
[ECO "E32"]
[NIC "NI.24"]
[Time "14:01:24"]
[PlyCount "153"]
[TimeControl "1800+10"]

1. d4 Nf6 2. c4 e6 3. Nc3 Bb4 4. Qc2 O-O 5. Nf3 d5 6. cxd5 exd5 7. Bg5 h6 8.
Bh4 c5 9. dxc5 Nbd7 10. e3 g5 11. Bg3 Nxc5 12. Be2 Nfe4 13. O-O Bxc3 14.
bxc3 Bf5 15. Qb2 Qe7 16. Nd4 Bg6 17. c4 h5 18. Nb3 Na4 19. Qe5 Qxe5 20. Bxe5
Nac3 21. Bd3 dxc4 22. Bxc4 Rac8 23. Bd3 Rfd8 24. Bxe4 Nxe4 25. Bd4 b6 26.
Rfc1 g4 27. f3 Nd6 28. Bf6 Re8 29. e4 gxf3 30. gxf3 Rxc1+ 31. Rxc1 Rc8 32.
Rd1 Ne8 33. Ba1 Ng7 34. Rd2 a5 35. Kf2 a4 36. Nd4 Rd8 37. Rc2 Ne6 38. Nc6
Rd7 39. Bf6 Nc5 40. Ne5 Rd6 41. Be7 Re6 42. Bxc5 Rxe5 43. Bxb6 f5 44. Bd4
fxe4 45. Rc7 Re6 46. f4 Kf8 47. Ke3 Ra6 48. a3 Ke8 49. Rc5 Kd7 50. f5 Bf7
51. Kxe4 Rc6 52. Ra5 Bb3 53. f6 Rc7 54. Rxh5 Ke6 55. Re5+ Kf7 56. Rg5 Ke6
57. Re5+ Kf7 58. Kf5 Rd7 59. Bc5 Rd5 60. Rxd5 Bxd5 61. h4 Ba2 62. h5 Bb1+
63. Ke5 Bc2 64. h6 Bh7 65. Be3 Bc2 66. Bg5 Bh7 67. Kd4 Kg8 68. Kc5 Bg6 69.
Bf4 Kf7 70. Be5 Kg8 71. Kb4 Be8 72. f7+ Bxf7 73. Kxa4 Bg6 74. Kb5 Kf7 75. a4
Ke6 76. Bh2 Kd7 77. Kb6 {Black resigns} 1-0

[Event "ICC tourney 2824 (30 10)"]
[Site "Internet Chess Club"]
[Date "2022.02.12"]
[Round "3"]
[White "Turcotte, Jonathan:JonnyTurgi"]
[Black "SHEEHAN, ETHAN THOMAS:Chessking2008"]
[Result "0-1"]
[ICCResult "White resigns"]
[WhiteElo "2000"]
[BlackElo "2219"]
[Opening "Queen's Indian: old main line, 7.Nc3"]
[ECO "E18"]
[NIC "QI.10"]
[Time "16:00:13"]
[PlyCount "48"]
[TimeControl "1800+10"]

1. d4 Nf6 2. c4 e6 3. Nf3 b6 4. g3 Bb7 5. Bg2 Be7 6. O-O O-O 7. Nc3 Ne4 8.
Bd2 f5 9. d5 Bf6 10. dxe6 dxe6 11. Rc1 Nxd2 12. Nxd2 Bxg2 13. Kxg2 Nd7 14.
Qc2 Qe7 15. e4 f4 16. Ne2 Bg5 17. Nf3 fxg3 18. Rcd1 gxf2 19. Rxd7 Qxd7 20.
Nxg5 e5 21. h3 h6 22. Nf3 Rxf3 23. Kxf3 Qxh3+ 24. Ng3 Rf8+ {White resigns}
0-1

[Event "ICC tourney 2824 (30 10)"]
[Site "Internet Chess Club"]
[Date "2022.02.12"]
[Round "3"]
[White "Gao, Marvin:kaiclc"]
[Black "JIANG, ANDREW:K05-16091063"]
[Result "0-1"]
[ICCResult "White checkmated"]
[WhiteElo "2038"]
[BlackElo "1944"]
[Opening "Ruy Lopez: Anderssen variation"]
[ECO "C77"]
[NIC "RL.12"]
[Time "16:00:17"]
[PlyCount "112"]
[TimeControl "1800+10"]

1. e4 e5 2. Nf3 Nc6 3. Bb5 a6 4. Ba4 Nf6 5. d3 b5 6. Bb3 Be7 7. a4 Bb7 8.
O-O O-O 9. Nc3 b4 10. Nd5 d6 11. a5 Qc8 12. Bg5 Qd8 13. Nxe7+ Qxe7 14. Nh4
Nd4 15. f4 exf4 16. Rxf4 Qe5 17. Nf5 h6 18. Bxf6 Qxf6 19. Qg4 Nxb3 20. cxb3
Bc8 21. d4 Bxf5 22. exf5 Rfe8 23. Rd1 Re3 24. Rf3 Rae8 25. Rd3 Re1+ 26. Kf2
R8e2+ 27. Kg3 Re4 28. Rf4 d5 29. Rdf3 Kh7 30. h3 Qd6 31. Kh2 Rxf4 32. Qxf4
Qxf4+ 33. Rxf4 Re2 34. f6 Rxb2 35. fxg7 Kxg7 36. Rf3 Rd2 37. Kg3 Rxd4 38.
Kf2 c5 39. Ke3 Rd1 40. Ke2 Ra1 41. Rf5 c4 42. bxc4 dxc4 43. Rf4 b3 44. Rxc4
b2 45. Rg4+ Kh7 46. Rb4 b1=Q 47. Rxb1 Rxb1 48. Kf3 Ra1 49. Kg3 Rxa5 50. Kh4
Rd5 51. g3 a5 52. g4 a4 53. g5 a3 54. Kg4 a2 55. h4 a1=Q 56. Kh5 Qd1#
{White checkmated}
0-1

[Event "ICC tourney 2824 (30 10)"]
[Site "Internet Chess Club"]
[Date "2022.02.12"]
[Round "3"]
[White "SHAWKAT, SAIF:saif-shawkat"]
[Black "MARKOVIC, GORAN:Goran21"]
[Result "1-0"]
[ICCResult "Black resigns"]
[WhiteElo "2002"]
[BlackElo "1952"]
[Opening "Ruy Lopez: Berlin defense"]
[ECO "C65"]
[NIC "RL.07"]
[Time "16:00:09"]
[PlyCount "137"]
[TimeControl "1800+10"]

1. e4 e5 2. Nf3 Nc6 3. Bb5 Nf6 4. d3 Bc5 5. c3 Qe7 6. O-O a6 7. Ba4 b5 8.
Bb3 d6 9. a4 Bb7 10. Na3 b4 11. Nc4 O-O 12. a5 d5 13. exd5 Nxd5 14. Re1 bxc3
15. Ncxe5 Nxe5 16. Rxe5 Qd6 17. d4 Ba7 18. Bxd5 cxb2 19. Bxb2 Bxd5 20. Ba3
Bxf3 21. Qxf3 Qxd4 22. Rae1 c5 23. Re7 c4 24. R7e4 Qd2 25. Bxf8 Rxf8 26. Qe2
Qxa5 27. Qxc4 Qb6 28. Qe2 h6 29. Re8 Qc6 30. Rxf8+ Kxf8 31. Qe7+ Kg8 32.
Qe8+ Qxe8 33. Rxe8+ Kh7 34. Ra8 Bd4 35. Rxa6 f5 36. Kf1 h5 37. Rd6 Bf6 38.
f4 h4 39. Ke2 Kg6 40. Kd3 Kh5 41. h3 Bb2 42. Kc4 g5 43. Rd5 Kg6 44. Rd6+ Kh5
45. Kd5 gxf4 46. Ke6 Kg5 47. Rd5 Bc1 48. Rxf5+ Kg6 49. Ke5 Be3 50. Ke4 Bc1
51. Rb5 Be3 52. Kf3 Kh6 53. Kg4 Bf2 54. Kxf4 Bg3+ 55. Kg4 Bf2 56. Rh5+ Kg6
57. Rxh4 Bxh4 58. Kxh4 Kh6 59. Kg4 Kg6 60. h4 Kh6 61. h5 Kg7 62. Kg5 Kh7 63.
Kf6 Kh8 64. g4 Kg8 65. g5 Kh8 66. Kf7 Kh7 67. g6+ Kh6 68. g7 Kg5 69. g8=Q+
{Black resigns}
1-0

[Event "ICC tourney 2824 (30 10)"]
[Site "Internet Chess Club"]
[Date "2022.02.12"]
[Round "3"]
[White "Liang, Jason:Jupiter435"]
[Black "Vilotijevic, Lazar:BalkanDad"]
[Result "1-0"]
[ICCResult "Black resigns"]
[WhiteElo "2350"]
[BlackElo "2004"]
[Opening "Owen defense"]
[ECO "B00"]
[NIC "VO.03"]
[Time "16:00:21"]
[PlyCount "61"]
[TimeControl "1800+10"]

1. e4 b6 2. d4 Bb7 3. Bd3 e6 4. Nf3 Nf6 5. Qe2 d6 6. O-O Nbd7 7. Nbd2 g6 8.
e5 Nd5 9. Ne4 Nb4 10. Bg5 Be7 11. exd6 Bxg5 12. dxc7 Qxc7 13. Nfxg5 h6 14.
Nf3 Nxd3 15. Qxd3 Qf4 16. Rfe1 O-O 17. c3 g5 18. Rad1 f5 19. Ned2 Rf6 20.
Qb5 Qc7 21. Ne5 Nf8 22. Qe2 Kg7 23. Nf1 Ng6 24. Nxg6 Kxg6 25. Nd2 g4 26. Nc4
a5 27. Ne5+ Kg7 28. Qd2 Rg8 29. c4 Be4 30. Qf4 Kh7 31. Rxe4 {Black resigns}
1-0

[Event "ICC tourney 2824 (30 10)"]
[Site "Internet Chess Club"]
[Date "2022.02.12"]
[Round "3"]
[White "RAJA, HARSHIT:Johnking3401"]
[Black "Belous, Vladimir:Openyagami"]
[Result "1-0"]
[ICCResult "Black resigns"]
[WhiteElo "2532"]
[BlackElo "2572"]
[Opening "Sicilian: Nimzovich-Rossolimo attack (with ...g6, without ...d6)"]
[ECO "B31"]
[NIC "SI.31"]
[Time "16:00:42"]
[PlyCount "71"]
[TimeControl "1800+10"]

1. e4 c5 2. Nf3 Nc6 3. Bb5 g6 4. Bxc6 dxc6 5. d3 Bg7 6. O-O Nh6 7. h3 b6 8.
a4 a5 9. Be3 f6 10. c3 e5 11. d4 Ba6 12. Re1 cxd4 13. cxd4 O-O 14. Qb3+ Kh8
15. Nbd2 b5 16. dxe5 fxe5 17. Qc3 Bb7 18. Nxe5 Qc7 19. f4 g5 20. axb5 gxf4
21. Bd4 c5 22. Nef3 Rg8 23. Rac1 Qd7 24. Bxg7+ Rxg7 25. Qf6 Ng8 26. Qxf4
Qxh3 27. Re2 Rc8 28. Nc4 Qh5 29. Nd6 Rd8 30. Nf5 Rg6 31. Qe5+ Rf6 32. Qc7
Rg6 33. N5h4 Rgd6 34. Qxb7 Qg4 35. Ne5 Rd1+ 36. Re1 {Black resigns} 1-0

[Event "ICC tourney 2824 (30 10)"]
[Site "Internet Chess Club"]
[Date "2022.02.12"]
[Round "3"]
[White "GUSEINOV, GADIR:GGuseinov"]
[Black "YAN, RUIYANG:jy2020"]
[Result "1-0"]
[ICCResult "Black resigns"]
[WhiteElo "2713"]
[BlackElo "2172"]
[Opening "Sicilian: closed"]
[ECO "B23"]
[NIC "SI.44"]
[Time "16:00:10"]
[PlyCount "105"]
[TimeControl "1800+10"]

1. e4 c5 2. Nc3 d6 3. Bb5+ Nd7 4. Be2 Ngf6 5. f4 e6 6. Nf3 Be7 7. O-O O-O 8.
Kh1 a6 9. a4 b6 10. Qe1 Bb7 11. d3 d5 12. e5 Ne8 13. d4 f5 14. Be3 g6 15.
Nd1 cxd4 16. Nxd4 Ng7 17. b4 g5 18. Rb1 g4 19. c4 Rc8 20. cxd5 Bxd5 21. Bxa6
Rc7 22. Bb5 Qa8 23. Qd2 Rfc8 24. Bg1 Nf8 25. Ne3 Be4 26. Rbd1 Nh5 27. Bd3
Bxd3 28. Qxd3 Qxa4 29. Ndxf5 exf5 30. Qxf5 Ng7 31. Qxg4 Ng6 32. Nd5 Qc6 33.
Nxc7 Rxc7 34. Rde1 Bxb4 35. Rb1 Bc5 36. Bxc5 Qxc5 37. Rbd1 Qf8 38. Qh3 Nf5
39. Qb3+ Kg7 40. Qxb6 Rf7 41. Kg1 Qa8 42. Rf2 Qa4 43. Rdf1 Qe4 44. Qb2 Kg8
45. Qb1 Qe3 46. Re1 Qa7 47. Qe4 Nfe7 48. g3 Rf8 49. Kg2 Nf5 50. Ree2 Nge7
51. g4 Nh4+ 52. Kh3 Nhg6 53. f5 {Black resigns} 1-0

[Event "ICC tourney 2824 (30 10)"]
[Site "Internet Chess Club"]
[Date "2022.02.12"]
[Round "3"]
[White "SRIPADA, HAVISH:brilliantnessme"]
[Black "GANT, CHRISTOPHER JEFFREY:Baggie"]
[Result "1-0"]
[ICCResult "Black checkmated"]
[WhiteElo "1976"]
[BlackElo "2150"]
[Opening "Sicilian: accelerated fianchetto, Breyer variation"]
[ECO "B39"]
[NIC "SI.33"]
[Time "16:00:41"]
[PlyCount "111"]
[TimeControl "1800+10"]

1. e4 c5 2. Nf3 Nc6 3. d4 cxd4 4. Nxd4 g6 5. c4 Bg7 6. Be3 Nf6 7. Nc3 Ng4 8.
Qxg4 Nxd4 9. Qd1 Ne6 10. Rc1 O-O 11. Be2 b6 12. O-O Bb7 13. f3 d6 14. Qd2 f5
15. exf5 gxf5 16. Nd5 Kh8 17. Bd3 Nc5 18. Bb1 a5 19. Bg5 Bxd5 20. cxd5 Qd7
21. Rfe1 Bf6 22. Bh6 Rg8 23. Rc4 Rg6 24. g3 Bg7 25. Bxg7+ Rxg7 26. Rf4 Rf8
27. Qc2 Rgf7 28. Qc3+ Kg8 29. a3 a4 30. g4 Qb7 31. Rxf5 Rxf5 32. Bxf5 Rf7
33. Qd2 Rg7 34. h4 Nb3 35. Be6+ Kh8 36. Qf4 Qb8 37. Qxa4 Nc5 38. Qd4 Qf8 39.
Kg2 h5 40. g5 Nxe6 41. Rxe6 Kg8 42. Qe4 Qf7 43. f4 Qf8 44. f5 Qf7 45. f6
exf6 46. Re8+ Qxe8 47. Qxe8+ Kh7 48. Qe4+ Kg8 49. Qe6+ Kh7 50. Qxf6 Kg8 51.
Qxd6 Kf7 52. Qxb6 Ke7 53. Qf6+ Ke8 54. Qxg7 Kd8 55. d6 Ke8 56. Qe7#
{Black checkmated}
1-0

[Event "ICC tourney 2824 (30 10)"]
[Site "Internet Chess Club"]
[Date "2022.02.12"]
[Round "3"]
[White "Latorre, Vincent:vinclat"]
[Black "FILIPOVICH, DAVID MICHAEL:dmfcan"]
[Result "1/2-1/2"]
[ICCResult "Game drawn by repetition"]
[WhiteElo "1900"]
[BlackElo "2050"]
[Opening "Caro-Kann: exchange variation"]
[ECO "B13"]
[NIC "CK.02"]
[Time "16:01:03"]
[PlyCount "92"]
[TimeControl "1800+10"]

1. e4 c6 2. d4 d5 3. exd5 cxd5 4. Bd3 Nc6 5. c3 g6 6. Bf4 Bg7 7. Nf3 Nh6 8.
O-O O-O 9. h3 Kh8 10. Nbd2 f6 11. Re1 Nf7 12. Bg3 e5 13. Bf1 e4 14. Nh2 f5
15. f4 Nxd4 16. cxd4 Bxd4+ 17. Kh1 Bxb2 18. Rb1 Bf6 19. Nb3 d4 20. Bf2 d3
21. Nc5 b6 22. Nxd3 exd3 23. Bxd3 Bb7 24. Nf3 Qd5 25. Qb3 Qxb3 26. axb3 Rfd8
27. Bc4 Nd6 28. Ng5 Nxc4 29. Nf7+ Kg7 30. Nxd8 Rxd8 31. bxc4 Rd2 32. Kg1 Be4
33. Rbd1 Ra2 34. Rd7+ Kh6 35. g4 g5 36. fxg5+ Kxg5 37. Rxh7 Bc3 38. Rd1 fxg4
39. Be3+ Kg6 40. Rh6+ Kf7 41. Rf1+ Bf3 42. Rf2 Ra1+ 43. Rf1 Ra2 44. Rf2 Ra1+
45. Rf1 Ra2 46. Rf2 Ra1+ {Game drawn by repetition} 1/2-1/2

[Event "ICC tourney 2824 (30 10)"]
[Site "Internet Chess Club"]
[Date "2022.02.12"]
[Round "3"]
[White "Gaw, Chloe:HarleyQueen8"]
[Black "QUIRKE, JEFFREY L:PawnEatingZombi"]
[Result "0-1"]
[ICCResult "White checkmated"]
[WhiteElo "1766"]
[BlackElo "2018"]
[Opening "QGD: exchange, positional line, 5...c6"]
[ECO "D35"]
[NIC "QO.16"]
[Time "16:00:08"]
[PlyCount "80"]
[TimeControl "1800+10"]

1. d4 d5 2. c4 e6 3. Nc3 Nf6 4. cxd5 exd5 5. Bg5 c6 6. e3 h6 7. Bh4 Be6 8.
Bd3 Nbd7 9. Nge2 g5 10. Bg3 Nh5 11. Qc2 Nxg3 12. Nxg3 h5 13. Rb1 Qf6 14. b4
a6 15. a4 Be7 16. Nge2 Kf8 17. f3 h4 18. h3 Kg7 19. e4 Qh6 20. b5 axb5 21.
axb5 Nf6 22. e5 Nd7 23. bxc6 bxc6 24. Na4 Rhc8 25. Rc1 c5 26. Nxc5 Nxc5 27.
dxc5 Bxc5 28. Qd2 f6 29. exf6+ Qxf6 30. Bb1 Qe5 31. Qd3 Ra7 32. Kf1 Kh8 33.
Qg6 Rg7 34. Qd3 Qf6 35. Qb5 Qe7 36. Qd3 Bg8 37. Qa6 Re8 38. Re1 Qe3 39. Qh6+
Bh7 40. Bxh7 Qf2# {White checkmated} 0-1

[Event "ICC tourney 2824 (30 10)"]
[Site "Internet Chess Club"]
[Date "2022.02.12"]
[Round "3"]
[White "CHEN, RYO WENYU:e4f5"]
[Black "LIU, ERIC CHANG:el008"]
[Result "1-0"]
[ICCResult "Black resigns"]
[WhiteElo "2282"]
[BlackElo "1954"]
[Opening "Sicilian: Najdorf, Opocensky variation"]
[ECO "B92"]
[NIC "SI.10"]
[Time "16:00:19"]
[PlyCount "111"]
[TimeControl "1800+10"]

1. e4 c5 2. Nf3 d6 3. d4 cxd4 4. Nxd4 Nf6 5. Nc3 a6 6. Be2 e5 7. Nb3 Be6 8.
f4 Be7 9. O-O b5 10. f5 Bd7 11. Bg5 Bc6 12. Bxf6 Bxf6 13. Nd5 Nd7 14. Kh1
O-O 15. c4 Bg5 16. Nd2 Nc5 17. f6 gxf6 18. b4 Ne6 19. Bg4 Kh8 20. Nf3 Nf4
21. Bf5 Rg8 22. g3 Nxd5 23. cxd5 Bd7 24. Nxg5 Rxg5 25. Bxd7 Qxd7 26. Rxf6
Rf8 27. Qf3 Qg4 28. Qe3 Rg6 29. Raf1 Kg7 30. R6f5 h5 31. R5f2 h4 32. gxh4
Qxh4 33. Qf3 f6 34. Rg2 Rxg2 35. Qxg2+ Kh8 36. Rg1 Qh7 37. Qf3 Rg8 38. Qxf6+
Rg7 39. Rxg7 Qxg7 40. Qxg7+ Kxg7 41. Kg2 Kh7 42. Kg3 Kg7 43. Kg4 Kg6 44. a3
Kf6 45. Kh5 Kg7 46. Kg5 Kf7 47. Kf5 Ke7 48. Kg6 Kd7 49. h4 Ke7 50. Kg7 Kd7
51. h5 Kc7 52. h6 Kb6 53. h7 a5 54. h8=Q a4 55. Qb8+ Ka6 56. Qxd6+
{Black resigns}
1-0

[Event "ICC tourney 2824 (30 10)"]
[Site "Internet Chess Club"]
[Date "2022.02.12"]
[Round "3"]
[White "XIE, BRYAN:largecrab"]
[Black "LIANG, YU-CHENG:Yucheng"]
[Result "1/2-1/2"]
[ICCResult "White stalemated"]
[WhiteElo "2102"]
[BlackElo "1967"]
[Opening "Caro-Kann: classical, Spassky variation"]
[ECO "B19"]
[NIC "CK.12"]
[Time "16:00:11"]
[PlyCount "142"]
[TimeControl "1800+10"]

1. e4 c6 2. d4 d5 3. Nc3 dxe4 4. Nxe4 Bf5 5. Ng3 Bg6 6. h4 h6 7. Nf3 Nd7 8.
h5 Bh7 9. Bd3 Bxd3 10. Qxd3 e6 11. Bf4 Qa5+ 12. Bd2 Qc7 13. O-O-O Ngf6 14.
Ne4 Nxe4 15. Qxe4 Nf6 16. Qe2 O-O-O 17. Kb1 Bd6 18. c3 Bf4 19. g3 Bxd2 20.
Rxd2 c5 21. Rhd1 Nxh5 22. Ne5 Nf6 23. dxc5 Rxd2 24. Rxd2 Rd8 25. Rxd8+ Kxd8
26. Qd3+ Ke7 27. Qd4 Nd7 28. Nd3 f6 29. Qg4 g5 30. Qe4 f5 31. Qh1 Nxc5 32.
Nxc5 Qxc5 33. Qxb7+ Kf6 34. Qh7 Qxf2 35. Qxh6+ Ke5 36. Qxg5 Qg1+ 37. Kc2
Qg2+ 38. Qd2 Qe4+ 39. Qd3 Qg2+ 40. Kb3 Qd5+ 41. Qxd5+ exd5 42. Kc2 Ke4 43.
b3 Kf3 44. c4 dxc4 45. bxc4 Kxg3 46. c5 f4 47. c6 f3 48. c7 f2 49. c8=Q f1=Q
50. Qg8+ Kh2 51. Qh7+ Kg3 52. Qg7+ Kf3 53. Qf7+ Ke2 54. Qc4+ Ke1 55. Qc3+
Ke2 56. Qd3+ Kf2 57. Qxf1+ Kxf1 58. Kb3 Ke2 59. Kc4 Ke3 60. Kd5 Kf4 61. a4
Kf5 62. a5 Kf6 63. Kd6 Kf7 64. Kd7 Kf8 65. a6 Kf7 66. Kd8 Kf8 67. Kc8 Ke8
68. Kb8 Kd8 69. Kxa7 Kc7 70. Ka8 Kc8 71. a7 Kc7 {White stalemated} 1/2-1/2

[Event "ICC tourney 2824 (30 10)"]
[Site "Internet Chess Club"]
[Date "2022.02.12"]
[Round "3"]
[White "Nguyen, Hoa Duc:leoman"]
[Black "IVANOV, ALEXANDER:marble"]
[Result "1-0"]
[ICCResult "Black resigns"]
[WhiteElo "2506"]
[BlackElo "2395"]
[Opening "Scotch: Schmidt variation"]
[ECO "C45"]
[NIC "SO.04"]
[Time "16:01:03"]
[PlyCount "83"]
[TimeControl "1800+10"]

1. e4 e5 2. Nf3 Nc6 3. d4 exd4 4. Nxd4 Nf6 5. Nxc6 bxc6 6. Qe2 d6 7. Nc3 Be7
8. Bd2 O-O 9. O-O-O a5 10. Rg1 Ng4 11. f4 Nxh2 12. Qh5 Nxf1 13. Rdxf1 f5 14.
g4 Qe8 15. Qxe8 Rxe8 16. gxf5 Bf6 17. e5 dxe5 18. Ne4 Kf7 19. Bc3 Bxf5 20.
Ng3 g6 21. Nxf5 gxf5 22. fxe5 Be7 23. Rxf5+ Ke6 24. Rh5 Rg8 25. Rh6+ Rg6 26.
Rgxg6+ hxg6 27. Rxg6+ Kd5 28. Rg7 Bb4 29. Rd7+ Ke6 30. Rxc7 c5 31. Bxb4 cxb4
32. Rc5 a4 33. Rb5 a3 34. b3 Rh8 35. Rxb4 Kxe5 36. Ra4 Rh1+ 37. Kd2 Rh2+ 38.
Kc3 Rh3+ 39. Kb4 Rh2 40. c3 Rxa2 41. Rxa3 Rc2 42. Ra6 {Black resigns} 1-0

[Event "ICC tourney 2824 (30 10)"]
[Site "Internet Chess Club"]
[Date "2022.02.12"]
[Round "4"]
[White "MITRABHA, GUHA:babysnake"]
[Black "Belous, Vladimir:Openyagami"]
[Result "1-0"]
[ICCResult "Black resigns"]
[WhiteElo "2471"]
[BlackElo "2572"]
[Opening "King's Indian: 3.g3"]
[ECO "E60"]
[NIC "KI.80"]
[Time "18:00:27"]
[PlyCount "65"]
[TimeControl "1800+10"]

1. d4 Nf6 2. c4 g6 3. g3 c5 4. Nf3 Bg7 5. Bg2 Qa5+ 6. Bd2 Qb6 7. dxc5 Qxc5
8. Nc3 Qxc4 9. Rc1 Nc6 10. a4 Qa6 11. b4 Qb6 12. b5 Na5 13. e4 d6 14. e5
dxe5 15. Be3 Qd6 16. O-O Be6 17. Ng5 Bc4 18. Qxd6 exd6 19. Rfd1 Ke7 20. Nce4
Nxe4 21. Nxe4 Rhd8 22. Bd2 Bb3 23. Bxa5 b6 24. Rc7+ Ke6 25. Rd3 bxa5 26.
Bh3+ f5 27. Ng5+ Kf6 28. Nxh7+ Ke6 29. Ng5+ Kf6 30. Nh7+ Ke6 31. Rxg7 Bc4
32. Rxg6+ Kf7 33. Rdxd6 {Black resigns} 1-0

[Event "ICC tourney 2824 (30 10)"]
[Site "Internet Chess Club"]
[Date "2022.02.12"]
[Round "4"]
[White "SRIPADA, HAVISH:brilliantnessme"]
[Black "CHEN, RYO WENYU:e4f5"]
[Result "0-1"]
[ICCResult "White checkmated"]
[WhiteElo "1976"]
[BlackElo "2282"]
[Opening "Sicilian: Sozin, Benkö variation"]
[ECO "B57"]
[NIC "SI.25"]
[Time "18:00:10"]
[PlyCount "60"]
[TimeControl "1800+10"]

1. e4 c5 2. Nf3 d6 3. d4 cxd4 4. Nxd4 Nf6 5. Nc3 Nc6 6. Bc4 Qb6 7. Nb3 e6 8.
Bf4 Ne5 9. Be2 Bd7 10. Qd2 Be7 11. O-O-O O-O 12. f3 Qc7 13. g4 Rfd8 14. g5
Nh5 15. Be3 Nc4 16. Bxc4 Qxc4 17. Ne2 a5 18. Kb1 a4 19. Nbc1 Bc6 20. Ng3 g6
21. Nxh5 gxh5 22. Ne2 d5 23. e5 d4 24. Nxd4 Bxf3 25. Rhf1 Bxd1 26. Qxd1 a3
27. Rxf7 axb2 28. a4 Rxa4 29. Rg7+ Kxg7 30. Qxh5 Qa2# {White checkmated} 0-1

[Event "ICC tourney 2824 (30 10)"]
[Site "Internet Chess Club"]
[Date "2022.02.12"]
[Round "4"]
[White "GUSEINOV, GADIR:GGuseinov"]
[Black "RAJA, HARSHIT:Johnking3401"]
[Result "1-0"]
[ICCResult "Black resigns"]
[WhiteElo "2713"]
[BlackElo "2532"]
[Opening "Sicilian: closed"]
[ECO "B23"]
[NIC "SI.44"]
[Time "18:00:22"]
[PlyCount "69"]
[TimeControl "1800+10"]

1. e4 c5 2. Nc3 d6 3. Bb5+ Bd7 4. Bxd7+ Qxd7 5. d4 cxd4 6. Qxd4 Nc6 7. Qd3
g6 8. Nf3 Bg7 9. O-O Nf6 10. Nd5 O-O 11. Bg5 Nxd5 12. exd5 Ne5 13. Nxe5 Bxe5
14. c3 Bf6 15. h4 Bxg5 16. hxg5 Rfe8 17. f4 e5 18. f5 e4 19. Qh3 Re5 20. g4
e3 21. Rae1 Qa4 22. Re2 Qe4 23. Rh2 h5 24. gxh6 e2 25. Re1 gxf5 26. Rhxe2
Qf4 27. Rf1 Qg5 28. Rxe5 dxe5 29. Rxf5 Qc1+ 30. Rf1 Qxb2 31. Qh5 Qb6+ 32.
Kg2 Qg6 33. Qxg6+ fxg6 34. g5 Rc8 35. Rf6 {Black resigns} 1-0